 Dungeon Crawl Stone Soup version 0.29.0-15-g675c0067aa (webtiles) character file.

Game seed: 2111307033300389043

3094 qw the Cleaver (level 9, -14/81 HPs)
             Began as a Minotaur Berserker on Sept 11, 2022.
             Was a Priest of Trog.
             Demolished by an orc warrior
             ... wielding a +0 war axe
              (17 damage)
             ... on level 8 of the Dungeon.
             The game lasted 00:02:28 (8092 turns).

qw the Cleaver (Minotaur Berserker)                 Turns: 8092, Time: 00:02:29

Health: -14/81     AC: 20    Str: 26    XL:     9   Next: 59%
Magic:  8/8        EV:  8    Int:  4    God:    Trog [***...]
Gold:   393        SH:  0    Dex: 10    Spells: 8/8 levels left

rFire   . . .      SeeInvis .   Y - +3 war axe (chaos)
rCold   . . .      Faith    .   (no shield)
rNeg    . . .      Spirit   .   j - +0 plate armour
rPois   .          Reflect  .   (helmet restricted)
rElec   .          Harm     .   (no cloak)
rCorr   .          Rampage  .   i - +2 pair of gloves
Will    .....                   (no boots)
Stlth   ..........              (no amulet)
HPRegen 0.23/turn               k - +4 ring of protection
MPRegen 0.11/turn               (no ring)

@: about to teleport, on berserk cooldown, slowed, very slow
A: horns 2, retaliatory headbutt
a: Renounce Religion, Berserk, Trog's Hand


You were on level 8 of the Dungeon.
You worshipped Trog.
Trog was most pleased with you.
You visited 1 branch of the dungeon, and saw 8 of its levels.

You collected 393 gold pieces.


Innate Abilities, Weirdness & Mutations

You have a pair of horns on your head.
You reflexively headbutt those who attack you in melee.


   Skills:
 - Level 8.0 Fighting
 + Level 13.2 Axes
 - Level 2.3 Throwing
 - Level 6.2 Armour
 - Level 2.1 Dodging


You had 8 spell levels left.
You didn't know any spells.
Your spell library was empty.

Inventory:

Hand Weapons
 l - a -2 eveningstar
 Y - a +3 war axe of chaos (weapon)
Armour
 i - a +2 pair of gloves (worn)
 j - a +0 plate armour (worn)
Jewellery
 b - an amulet of regeneration
 k - a +4 ring of protection (left hand)
Scrolls
 f - a scroll of identify
 g - a scroll of blinking {unknown}
Potions
 c - a potion of heal wounds {unknown}
 d - 2 potions of curing
 e - a potion of might {unknown}
 h - a potion of ambrosia {unknown}

Dungeon Overview and Level Annotations

Branches:
Dungeon (8/15)             Temple (0/1) D:4
   Lair: D:8-11

Altars:
Dithmenos
Fedhas
Gozag
Hepliaklqana
Okawaru
Qazlal
Ru
Sif Muna
Vehumet
Xom
Yredelemnul
Zin
The Shining One

Shops:
D:6 =

Annotations:
D:4 3 runed translucent doors, qw's ghost, weakling GrDe
D:7 3 runed translucent doors, qw's ghost, novice GrFi


Message History

You hit the orc. You freeze the orc.
You kill the orc!
Trog accepts your kill.
You closely miss the orc warrior.
The orc warrior hits you but does no damage.
The orc warrior hits you with a +0 war axe!
You slash the orc warrior! You freeze the orc warrior.
You kill the orc warrior!
Trog accepts your kill.
You closely miss the orc. You slash the orc warrior!
You freeze the orc warrior. You slash the orc! You freeze the orc.
You kill the orc!
Trog accepts your kill.
You are no longer berserk.
You are exhausted.
You feel yourself slow down.
An orc comes into view. It is wielding a +0 club.
The orc barely misses you.
8091 ||| READING scroll of teleportation.
As you read the scroll of teleportation, it crumbles to dust.
You feel strangely unstable.
The orc warrior hits you with a +0 war axe!
The orc warrior hits you with a +0 war axe.
The orc closely misses you. x2; You furiously retaliate!
You headbutt the orc, but do no damage.
The orc warrior hits you but does no damage.
You closely miss the orc warrior. You headbutt the orc warrior!
The orc warrior is severely wounded.
You slash the orc! You freeze the orc.
You kill the orc!
Trog accepts your kill.
You hit the orc priest.
You feel better.
You slash the orc! You burn the orc.
You kill the orc!
Trog accepts your kill. The orc warrior closely misses you.
You furiously retaliate!
You headbutt the orc warrior!
The orc priest looks braver for a moment.
The orc shouts noisily.
The orc warrior hits you with a +0 war axe!
You die...

#. ####### #.
#.....#
##.##o....#
##.[.#o....#
#....#oooo.#
####.#..#ooo..#
.....#..#@ooo.#
#...o..))oo...#
.###..)#######
#.)...# #.....#
#.....# #.....#
####.## #.#


You could see an orc warrior (berserk), an orc priest and 13 orcs.

Vanquished Creatures
  Sigmund (D:4)
  Menkaure (D:5)
  Edmund (D:5)
  3 orc warriors (D:8)
  3 ice beasts
  5 ogres
  A centaur (D:4)
  2 phantoms (D:5)
  A necrophage (D:4)
  8 scorpions
  A bullfrog (D:8)
  4 wights (D:6)
  A hound (D:6)
  A gnoll bouda (D:6)
  3 jellies
  Ijyb (D:5)
  3 iguanas
  7 orc wizards
  7 gnolls
  8 adders
  A shadow imp (D:7)
  2 white imps (D:6)
  An ufetubus (D:5)
  A worm (D:3)
  30 orcs
  11 ball pythons
  5 endoplasms
  A giant cockroach (D:1)
  3 goblins
  8 hobgoblins
  4 jackals (D:1)
  4 kobolds
  2 quokkas (D:1)
  7 bats
  4 frilled lizards
  3 rats
149 creatures vanquished.

Vanquished Creatures (others)
  A bush (D:4)
  6 fungi (D:7)
  27 plants (D:4)
34 creatures vanquished.

Grand Total: 183 creatures vanquished

Notes
Turn   | Place    | Note
-------+----------+-------------------------------------------
     0 | D:1      | qw the Minotaur Berserker began the quest for the Orb.
     0 | D:1      | Reached XP level 1. HP: 19/19 MP: 0/0
     0 | D:1      | 0 ||| qw: Version: 0.1-a-119-g272c26d
     0 | D:1      | 0 ||| qw: Game counter: 10719
     0 | D:1      | 0 ||| qw: Always use a shield: true
     0 | D:1      | 0 ||| qw: Do Orc after D:15 true
     0 | D:1      | 0 ||| qw: Do second Lair branch before Depths: true
     0 | D:1      | 0 ||| qw: Lair rune preference: random
     0 | D:1      | 0 ||| qw: Plans: Normal
     0 | D:1      | 0 ||| PLANNING D:1-11
    96 | D:1      | Reached skill level 4 in Axes
   204 | D:1      | Reached XP level 2. HP: 22/26 MP: 1/1
   330 | D:1      | 330 ||| Stepping ~*~*~tactically~*~*~ (stealth).
   331 | D:1      | 331 ||| Stepping ~*~*~tactically~*~*~ (stealth).
   333 | D:1      | 333 ||| Stepping ~*~*~tactically~*~*~ (stealth).
   407 | D:1      | Reached skill level 5 in Axes
   411 | D:1      | 411 ||| Stepping ~*~*~tactically~*~*~ (stealth).
   432 | D:1      | 432 ||| Stepping ~*~*~tactically~*~*~ (stealth).
   433 | D:1      | 433 ||| Stepping ~*~*~tactically~*~*~ (stealth).
   959 | D:1      | 959 ||| UPGRADING to +2 pair of gloves.
   964 | D:1      | 964 ||| READING scroll labelled WUOV GUREUNU.
   965 | D:1      | 965 ||| READING scroll labelled HAXUUBBUYL.
   966 | D:1      | 966 ||| READING scroll labelled HAIRAR RYUTOF.
  1112 | D:2      | Identified the +0 scale mail of Etaxkaet {Drain rC+ rCorr
                  | Str+4}
  1154 | D:2      | Found a faded altar of an unknown god.
  1215 | D:2      | Reached XP level 3. HP: 25/31 MP: 2/2
  1439 | D:2      | 1439 ||| Stepping ~*~*~tactically~*~*~ (stealth).
  1440 | D:2      | 1440 ||| Stepping ~*~*~tactically~*~*~ (stealth).
  1441 | D:2      | 1441 ||| Stepping ~*~*~tactically~*~*~ (stealth).
  1520 | D:2      | Reached ** piety under Trog
  1941 | D:2      | 1941 ||| UPGRADING to +0 scale mail of Etaxkaet {Drain rC+
                  | rCorr Str+4}.
  1951 | D:2      | 1951 ||| DROPPING +0 animal skin.
  1952 | D:2      | 1952 ||| READING scroll labelled LAULUE AL CIGG.
  1953 | D:2      | 1953 ||| READING scroll labelled UNKAOL LIBITHU.
  1954 | D:2      | 1954 ||| READING scroll labelled UZIQERALAT.
  1957 | D:2      | 1957 ||| READING scroll labelled YFUNTE GUHIRGH.
  1958 | D:2      | 1958 ||| DRINKING 2 clear potions.
  1959 | D:2      | 1959 ||| DROPPING potion of flight.
  1991 | D:3      | 1991 ||| DROPPING +0 club.
  2079 | D:3      | 2079 ||| INVOKING Berserk.
  2386 | D:3      | 2386 ||| DROPPING +0 mace.
  2505 | D:4      | 2505 ||| INVOKING Berserk.
  2508 | D:4      | Reached skill level 6 in Axes
  2508 | D:4      | Reached XP level 4. HP: 39/39 MP: 3/3
  2533 | D:4      | 2533 ||| Stepping ~*~*~tactically~*~*~ (stealth).
  2535 | D:4      | 2535 ||| Stepping ~*~*~tactically~*~*~ (stealth).
  2536 | D:4      | 2536 ||| Stepping ~*~*~tactically~*~*~ (stealth).
  2537 | D:4      | 2537 ||| Stepping ~*~*~tactically~*~*~ (stealth).
  2745 | D:4      | Noticed Sigmund
  2746 | D:4      | 2746 ||| Stepping ~*~*~tactically~*~*~ (hiding).
  2750 | D:4      | 2750 ||| INVOKING Berserk.
  2757 | D:4      | Killed Sigmund
  2758 | D:4      | Reached skill level 8 in Axes
  2758 | D:4      | Reached XP level 5. HP: 45/45 MP: 4/4
  2758 | D:4      | Reached XP level 6. HP: 51/51 MP: 5/5
  2759 | D:4      | Found a glowing silver altar of Zin.
  2875 | D:4      | 2875 ||| Stepping ~*~*~tactically~*~*~ (hiding).
  2877 | D:4      | 2877 ||| Stepping ~*~*~tactically~*~*~ (hiding).
  2878 | D:4      | 2878 ||| Stepping ~*~*~tactically~*~*~ (hiding).
  2910 | D:4      | 2910 ||| FLEEEEING.
  2911 | D:4      | 2911 ||| FLEEEEING.
  3011 | D:4      | 3011 ||| Stepping ~*~*~tactically~*~*~ (stealth).
  3270 | D:4      | 3270 ||| INVOKING Berserk.
  3322 | D:4      | 3322 ||| SWAPPING to +0 war axe.
  3323 | D:4      | 3323 ||| DROPPING +0 hand axe.
  3436 | D:4      | Found a radiant altar of Vehumet.
  3461 | D:4      | Found a blossoming altar of Fedhas.
  3507 | D:4      | Found a runed translucent gate.
  3509 | D:4      | Found a runed translucent gate.
  3510 | D:4      | Found a runed translucent gate.
  3511 | D:4      | Found an opulent altar of Gozag.
  3513 | D:4      | Noticed qw's ghost (weakling GrDe)
  3557 | D:4      | Found a hazy altar of Hepliaklqana.
  3628 | D:4      | Found a staircase to the Ecumenical Temple.
  3812 | D:4      | 3812 ||| READING scroll labelled BIZIBU VAIM.
  3841 | D:5      | Entered Level 5 of the Dungeon
  3841 | D:5      | Found an iron altar of Okawaru.
  3856 | D:5      | 3856 ||| INVOKING Berserk.
  3875 | D:5      | 3875 ||| FLEEEEING.
  3877 | D:5      | 3877 ||| STAIRDANCE
  4002 | D:4      | 4002 ||| Stepping ~*~*~tactically~*~*~ (stealth).
  4011 | D:4      | Reached skill level 9 in Axes
  4011 | D:4      | Reached XP level 7. HP: 60/60 MP: 6/6
  4048 | D:5      | 4048 ||| INVOKING Berserk.
  4052 | D:5      | 4052 ||| STAIRDANCE
  4203 | D:4      | 4203 ||| Stepping ~*~*~tactically~*~*~ (stealth).
  4267 | D:5      | Reached skill level 1 in Throwing
  4268 | D:5      | 4268 ||| INVOKING Berserk.
  4312 | D:5      | Found a shimmering altar of Xom.
  4318 | D:5      | Noticed Edmund
  4322 | D:5      | 4322 ||| INVOKING Berserk.
  4325 | D:5      | Killed Edmund
  4326 | D:5      | Reached skill level 10 in Axes
  4458 | D:5      | Found a shadowy altar of Dithmenos.
  4483 | D:5      | Identified the +8 short sword "Minotaur's Death" {vorpal,
                  | rF++ MP-9}
  4500 | D:5      | Found a shimmering blue altar of Sif Muna.
  4519 | D:5      | Reached skill level 6 in Fighting
  4581 | D:5      | Found a basalt altar of Yredelemnul.
  4611 | D:5      | Reached XP level 8. HP: 70/70 MP: 7/7
  4636 | D:5      | Identified the +1 robe "Lixok" {rElec Dex+3}
  4683 | D:5      | 4683 ||| INVOKING Berserk.
  4806 | D:5      | 4806 ||| Stepping ~*~*~tactically~*~*~ (stealth).
  4808 | D:5      | 4808 ||| Stepping ~*~*~tactically~*~*~ (stealth).
  4957 | D:5      | Noticed Menkaure
  4960 | D:5      | 4960 ||| INVOKING Berserk.
  4966 | D:5      | Killed Menkaure
  4967 | D:5      | Reached skill level 11 in Axes
  5366 | D:5      | Reached skill level 3 in Armour
  5719 | D:5      | Noticed Ijyb
  5721 | D:5      | 5721 ||| INVOKING Berserk.
  5727 | D:5      | Killed Ijyb
  5831 | D:5      | 5831 ||| READING scroll labelled QYRCHI WUDIC.
  5832 | D:5      | 5832 ||| READING scroll labelled MYGGAH OPUERIR.
  5833 | D:5      | 5833 ||| DRINKING 2 yellow potions.
  5834 | D:5      | 5834 ||| DROPPING potion of degeneration.
  5859 | D:6      | 5859 ||| Stepping ~*~*~tactically~*~*~ (stealth).
  5860 | D:6      | 5860 ||| Stepping ~*~*~tactically~*~*~ (stealth).
  5860 | D:6      | Found a stormy altar of Qazlal.
  5863 | D:6      | 5863 ||| Stepping ~*~*~tactically~*~*~ (stealth).
  5865 | D:6      | 5865 ||| Stepping ~*~*~tactically~*~*~ (hiding).
  5866 | D:6      | 5866 ||| Stepping ~*~*~tactically~*~*~ (hiding).
  5867 | D:6      | 5867 ||| Stepping ~*~*~tactically~*~*~ (hiding).
  5868 | D:6      | 5868 ||| Stepping ~*~*~tactically~*~*~ (hiding).
  5987 | D:6      | Reached skill level 12 in Axes
  6009 | D:6      | 6009 ||| Stepping ~*~*~tactically~*~*~ (hiding).
  6010 | D:6      | 6010 ||| Stepping ~*~*~tactically~*~*~ (hiding).
  6011 | D:6      | 6011 ||| Stepping ~*~*~tactically~*~*~ (hiding).
  6013 | D:6      | 6013 ||| Stepping ~*~*~tactically~*~*~ (hiding).
  6036 | D:6      | 6036 ||| Stepping ~*~*~tactically~*~*~ (stealth).
  6038 | D:6      | 6038 ||| Stepping ~*~*~tactically~*~*~ (stealth).
  6043 | D:6      | 6043 ||| Stepping ~*~*~tactically~*~*~ (hiding).
  6045 | D:6      | Reached *** piety under Trog
  6047 | D:6      | 6047 ||| INVOKING Berserk.
  6206 | D:6      | 6206 ||| Stepping ~*~*~tactically~*~*~ (stealth).
  6220 | D:6      | 6220 ||| INVOKING Berserk.
  6226 | D:6      | Reached XP level 9. HP: 79/79 MP: 8/8
  6347 | D:6      | Found Haim's Jewellery Boutique.
  6356 | D:6      | 6356 ||| SHOPLISTING +4 ring of protection (468 gold, have
                  | 255).
  6356 | D:6      | 6356 ||| SHOPLISTING ring of fire (325 gold, have 255).
  6356 | D:6      | 6356 ||| SHOPLISTING ring of ice (325 gold, have 255).
  6356 | D:6      | 6356 ||| SHOPLISTING ring of poison resistance (260 gold,
                  | have 255).
  6356 | D:6      | 6356 ||| SHOPLISTING ring of protection from fire (325
                  | gold, have 255).
  6356 | D:6      | 6356 ||| SHOPLISTING ring of willpower (325 gold, have
                  | 255).
  6395 | D:6      | 6395 ||| INVOKING Berserk.
  6632 | D:6      | Found a glowing golden altar of the Shining One.
  6790 | D:6      | 6790 ||| DROPPING +0 chain mail.
  6791 | D:6      | 6791 ||| UPGRADING to +0 plate armour.
  6801 | D:6      | 6801 ||| DROPPING +0 scale mail of Etaxkaet {Drain rC+
                  | rCorr Str+4}.
  6802 | D:6      | 6802 ||| UPGRADING to +4 ring of protection.
  6803 | D:6      | 6803 ||| READING scroll labelled BUFFEH YTZIUN.
  6804 | D:6      | 6804 ||| DRINKING 2 ruby potions.
  6839 | D:6      | 6839 ||| DRINKING 2 metallic amethyst potions.
  6840 | D:6      | 6840 ||| DROPPING potion of lignification.
  6888 | D:7      | 6888 ||| Stepping ~*~*~tactically~*~*~ (stealth).
  6889 | D:7      | 6889 ||| Stepping ~*~*~tactically~*~*~ (stealth).
  6890 | D:7      | Found a sacrificial altar of Ru.
  7083 | D:7      | Found a runed translucent gate.
  7084 | D:7      | Noticed qw's ghost (novice GrFi)
  7085 | D:7      | Found a runed translucent gate.
  7086 | D:7      | Found a runed translucent gate.
  7506 | D:7      | 7506 ||| DROPPING +0 flail.
  7539 | D:7      | Reached skill level 6 in Armour
  7728 | D:7      | 7728 ||| READING scroll labelled DOVINW QASM.
  7729 | D:7      | 7729 ||| READING 2 scrolls of identify.
  7729 | D:7      | 7729 ||| IDENTIFYING cyan potion
  7730 | D:7      | 7730 ||| DROPPING potion of brilliance.
  7749 | D:8      | 7749 ||| READING scroll of enchant weapon.
  7749 | D:8      | 7749 ||| ENCHANTING +1 war axe of chaos.
  7846 | D:8      | 7846 ||| READING scroll of enchant weapon.
  7846 | D:8      | 7846 ||| ENCHANTING +2 war axe of chaos.
  7873 | D:8      | 7873 ||| Stepping ~*~*~tactically~*~*~ (stealth).
  7875 | D:8      | 7875 ||| Stepping ~*~*~tactically~*~*~ (hiding).
  7879 | D:8      | 7879 ||| INVOKING Berserk.
  8069 | D:8      | 8069 ||| Stepping ~*~*~tactically~*~*~ (stealth).
  8070 | D:8      | 8070 ||| Stepping ~*~*~tactically~*~*~ (stealth).
  8074 | D:8      | 8074 ||| INVOKING Berserk.
  8077 | D:8      | Reached skill level 13 in Axes
  8088 | D:8      | HP: 30/121 [orc warrior/+0 war axe (25)]
  8091 | D:8      | 8091 ||| READING scroll of teleportation.
  8091 | D:8      | HP: 3/81 [orc warrior/+0 war axe (8)]
  8091 | D:8      | HP: 1/81 [orc warrior/+0 war axe (2)]
  8092 | D:8      | Demolished by an orc warrior

Levels and vault maps discovered:
D:1:      ncdulo_lavacross, layout_basic, serial_curves, eino_curves_04,
          eino_curves_04
D:2:      layout_loops_ring, shapermc_ecumenical_altar_mp_highgroup
D:3:      layout_rooms
D:4:      layout_basic, vehumet_crystals, kennysheep_little_box,
          mainiacjoe_overflow_surrounded_room, fedhas_altar_decomposition,
          minmay_temple_entry_butterflies, ebering_ghost_gozag, serial_bayou,
          serial_bayou_lagoon_a, serial_bayou_pond_c, serial_bayou_shore_a,
          serial_bayou_crossing, serial_bayou_ford_a, chequers_garden,
          roderic_serpentine_path, st_stairs_10, uniq_sigmund
D:5:      layout_gridville, xom_teletrap_fun, grunt_dithmenos_smoke_and_mirrors,
          lemuel_tele_altar, mainiacjoe_overflow_catch_the_wave,
          grunt_ministairs_4, hangedman_decor_opposing, uniq_edmund, uniq_ijyb,
          uniq_menkaure
D:6:      layout_cave_pools, nicolae_qazlal_scattered_showers, tso_oasis_becter,
          serial_shops, shop, nicolae_underground_beach
D:7:      old_forge, layout_loops_ring, mainiacjoe_overflow_cross_hatched,
          gammafunk_ghost_split, kennysheep_doodads
D:8:      layout_rooms, special_room [special_room_orc], centaur_isle

Skill      XL: |  1  2  3  4  5  6  7  8  9 |
---------------+----------------------------+-----
Axes           | 4 5 6 8 9 10 12 13 | 13.2
Fighting       | 4 6 7 8 |  8.0
Throwing       | 1 2 |  2.3
Armour         | 3 6 |  6.2
Dodging        | |  2.1

Action                   |  1- 3 |  4- 6 |  7- 9 || total
-------------------------+-------+-------+-------++-------
Melee: Hand axe          |    93 |    44 |       ||   137
       Headbutt          |     8 |    12 |    29 ||    49
       War axe           |       |    18 |   169 ||   187
       Punch             |       |     1 |     2 ||     3
Throw: Javelin           |       |     2 |     9 ||    11
Invok: Berserk           |     2 |     3 |    11 ||    16
  Use: Scroll            |     7 |     1 |     8 ||    16
       Potion            |     1 |       |     3 ||     4
 Stab: Distracted        |       |       |     1 ||     1
Armor: Animal skin       |    16 |       |       ||    16
       Scale mail        |     2 |    20 |    27 ||    49
       Plate armour      |       |       |    27 ||    27
Dodge: Dodged            |    50 |    26 |    60 ||   136

Table legend:
 A = Non-vault XP
 B = Vault XP
 C = Vault XP percentage of total XP
 D = Non-vault monster count
 E = Vault monster count
 F = Vault count percentage of total count
                 A         B        C        D         E       F
            +---------+---------+-------+---------+---------+-------
      Total |    2633 |    1793 |  40.5 |     117 |      32 |  21.5
            +---------+---------+-------+---------+---------+-------
        D:1 |      37 |       0 |   0.0 |      20 |       0 |   0.0
        D:2 |      40 |       0 |   0.0 |      19 |       0 |   0.0
        D:3 |      12 |       0 |   0.0 |       6 |       0 |   0.0
        D:4 |     278 |     350 |  55.7 |      23 |       4 |  14.8
        D:5 |     979 |     465 |  32.2 |      14 |       5 |  26.3
        D:6 |     717 |       0 |   0.0 |      24 |       0 |   0.0
        D:7 |     268 |     439 |  62.1 |       3 |      10 |  76.9
        D:8 |     302 |     539 |  64.1 |       8 |      13 |  61.9
            +---------+---------+-------+---------+---------+-------
